 Dungeon Crawl Stone Soup version 0.26-a0-30-g56b8cd3df0 (webtiles) character file.

Game seed: 4986032972060924595, levelgen mode: deterministic

642 Lugonue the Magician (level 7, 0/36 HPs)
             Began as a Deep Elf Air Elementalist on May 28, 2020.
             Shot with an arrow by a centaur (12 damage)
             ... on level 5 of the Dungeon.
             The game lasted 00:07:14 (5378 turns).

Lugonue the Magician (Deep Elf Air Elementalist)    Turns: 5378, Time: 00:07:14

Health: 0/36       AC:  5    Str:  7    XL:     7   Next: 26%
Magic:  16/18      EV: 14    Int: 20    God:
Gold:   239        SH:  0    Dex: 15    Spells: 11/18 levels left

rFire    . . .     SeeInvis .   (no weapon)
rCold    . . .     Gourm    .   (no shield)
rNeg     . . .     Faith    .   a - +0 robe
rPois    .         Spirit   .   n - +0 helmet
rElec    .         Reflect  .   q - +0 cloak
rCorr    .         Harm     .   (no gloves)
MR       .....                  p - +0 pair of boots
Stlth    ++........             (no amulet)
HPRegen  0.12/turn              (no ring)
MPRegen  0.16/turn              (no ring)

@: swift, quick
A: no striking features
a: no special abilities


You were on level 5 of the Dungeon.
You were very full.

You visited 1 branch of the dungeon, and saw 5 of its levels.

You collected 239 gold pieces.

Inventory:

Missiles
 u - 85 arrows
Armour
 a - a +0 robe (worn)
 n - a +0 helmet (worn)
 p - a +0 pair of boots (worn)
 q - a +0 cloak (worn)
 A - a +0 buckler
Jewellery
 B - a +4 ring of protection {unknown}
Wands
 b - a wand of digging (4)
 e - a wand of iceblast (10)
 y - a wand of disintegration (20)
 z - a wand of clouds (4)
Scrolls
 f - 4 scrolls of identify
 h - 2 scrolls of fog
 j - a scroll of magic mapping {unknown}
 k - 2 scrolls of immolation {unknown}
 l - a scroll of noise {unknown}
 r - 5 scrolls of remove curse {unknown}
 t - a scroll of amnesia {unknown}
 v - 2 scrolls of fear {unknown}
 w - a scroll of blinking {unknown}
 x - 2 scrolls of teleportation {unknown}
Potions
 d - 2 potions of berserk rage {unknown}
 g - 2 potions of stabbing
 i - a potion of cancellation {unknown}
 m - a potion of degeneration {unknown}
 o - a potion of curing {unknown}
 s - a potion of haste
Comestibles
 c - 4 rations


   Skills:
 + Level 3.4 Dodging
 + Level 3.2 Stealth
 + Level 0.2 Unarmed Combat
 + Level 6.1 Spellcasting
 + Level 4.0 Conjurations
 + Level 5.7 Air Magic


You had 11 spell levels left.
You knew the following spells:

 Your Spells              Type           Power        Failure   Level  Hunger
a - Shock                 Conj/Air       ####         1%          1    None
b - Swiftness             Chrm/Air       ###.....     4%          2    None
c - Airstrike             Air            ####......   10%         4    ####...

Your spell library contained the following spells:

 Spells                   Type           Power        Failure   Level  Hunger
 Static Discharge         Conj/Air       ####....     4%          3    ##.....
 Lightning Bolt           Conj/Air       ####......   36%         5    #####..


Dungeon Overview and Level Annotations

Branches:
Dungeon (5/15)
 Temple: D:4-7

Altars:
Ashenzari
Hepliaklqana
Makhleb

Shops:
D:4 }


Message History

There is an open door here.
A centaur comes into view.
The centaur shouts!
The centaur wields a +0 shortbow.
The centaur shoots an arrow.
The arrow barely misses you.
A centaur is nearby!
Casting: Airstrike (quite dangerous; 10% risk of failure)
Confirm with . or Enter, or press ? or * to list all spells.
You feel quick.
The centaur shoots an arrow.
The arrow hits you!
The centaur shoots an arrow.
The arrow hits you.
The centaur shoots an arrow.
The arrow hits you.
Okay, then.
Unknown command.
As you read the scroll labeled XAREEW ABYO, it crumbles to dust.
It is a scroll of identify.
h - 3 scrolls of fog
As you read the scroll of fog, it crumbles to dust.
The scroll dissolves into smoke.
The centaur shoots an arrow.
The arrow hits you.
The centaur shoots an arrow.
The arrow hits you!
You die...

###########
##...#.....#
#...§§.....#
#....§§§§..#
#....§@§...#
##...###...#
#.c. ##...#
#.... #....#
#...c #....#
#.... #....#
+.... #....#
#########..#
#####...####'#


You could see a centaur.

Vanquished Creatures
  Grinder (D:3)
  A phantom (D:4)
  An ogre (D:3)
  Terence (D:3)
  Robin (D:2)
  4 gnolls
  9 adders
  4 oozes
  2 worms (D:2)
  3 dart slugs (D:1)
  A leopard gecko (D:1)
  4 giant cockroaches
  20 goblins
  10 hobgoblins
  5 jackals
  8 kobolds
  3 quokkas
  A ball python (D:1)
  9 bats
  4 frilled lizards
  8 rats
100 creatures vanquished.

Notes
Turn   | Place    | Note
-------+----------+-------------------------------------------
     0 | D:1      | Lugonue the Deep Elf Air Elementalist began the quest for
                  | the Orb.
     0 | D:1      | Reached XP level 1. HP: 10/10 MP: 6/6
   174 | D:1      | Reached XP level 2. HP: 15/15 MP: 1/8
   349 | D:1      | Reached XP level 3. HP: 19/19 MP: 5/9
   991 | D:1      | Learned a level 2 spell: Swiftness
  1551 | D:2      | Reached XP level 4. HP: 24/24 MP: 6/11
  2158 | D:2      | Reached skill level 4 in Spellcasting
  2182 | D:2      | Noticed Robin
  2243 | D:2      | Killed Robin
  2379 | D:2      | Reached XP level 5. HP: 28/28 MP: 10/13
  2943 | D:3      | Noticed Grinder
  2951 | D:3      | Learned a level 4 spell: Airstrike
  2997 | D:3      | Killed Grinder
  2997 | D:3      | Reached skill level 5 in Spellcasting
  2997 | D:3      | Reached skill level 5 in Air Magic
  2997 | D:3      | Reached XP level 6. HP: 32/32 MP: 1/15
  3230 | D:3      | Found a burning altar of Makhleb.
  3340 | D:3      | Found a shattered altar of Ashenzari.
  3546 | D:3      | Noticed Terence
  3559 | D:3      | Killed Terence
  4340 | D:4      | Found a hazy altar of Hepliaklqana.
  4542 | D:4      | Found Degrigu's Gadget Shoppe.
  4629 | D:4      | Reached XP level 7. HP: 36/36 MP: 8/17
  4774 | D:4      | Noticed Blork the orc
  4883 | D:3      | Reached skill level 6 in Spellcasting
  5334 | D:5      | Entered Level 5 of the Dungeon
  5378 | D:5      | Shot with an arrow by a centaur

Illustrated notes

Levels and vault maps discovered:
D:1:      psy_arrival_fountain, layout_basic, hangedman_feature_mirror
D:2:      layout_rooms, minmay_misc_feat_room, uniq_robin
D:3:      layout_loops_corners, lemuel_crystal_altar, first_ration,
          nicolae_ashenzari_panopticon, uniq_terence, uniq_grinder
D:4:      layout_loops_ring, overflow_temple_1_default, serial_shops, shop,
          uniq_blork_the_orc
D:5:      layout_gridville, old_standard_altar, lightli_temple_of_fire,
          overflow_temple_1_default

Skill      XL: |  1  2  3  4  5  6  7 |
---------------+----------------------+-----
Air Magic      | 4 5 |  5.7
Stealth        | 3 |  3.2
Conjurations   | 2 3 4 |  4.0
Spellcasting   | 4 5 6 |  6.1
Dodging        | 3 |  3.4
Unarmed Combat | |  0.2

Action                   |  1- 3 |  4- 6 |  7- 9 || total
-------------------------+-------+-------+-------++-------
Melee: Unarmed           |     9 |     5 |       ||    14
 Cast: Shock             |    73 |   175 |    15 ||   263
       Swiftness         |       |       |     3 ||     3
       Airstrike         |       |       |     1 ||     1
  Use: Potion            |       |     5 |       ||     5
       Scroll            |       |       |     2 ||     2
  Eat: Chunk             |     2 |     9 |       ||    11
       Ration            |       |       |     3 ||     3
Armor: Robe              |     6 |    14 |       ||    20
       Skin              |       |     1 |       ||     1
Dodge: Dodged            |    25 |    21 |     2 ||    48

Table legend:
 A = Non-vault XP
 B = Vault XP
 C = Vault XP percentage of total XP
 D = Non-vault monster count
 E = Vault monster count
 F = Vault count percentage of total count
                 A         B        C        D         E       F
            +---------+---------+-------+---------+---------+-------
      Total |     554 |     364 |  39.7 |      81 |      19 |  19.0
            +---------+---------+-------+---------+---------+-------
        D:1 |      77 |      10 |  11.5 |      30 |       6 |  16.7
        D:2 |     126 |      32 |  20.3 |      28 |      11 |  28.2
        D:3 |     189 |     322 |  63.0 |      14 |       2 |  12.5
        D:4 |     162 |       0 |   0.0 |       9 |       0 |   0.0
            +---------+---------+-------+---------+---------+-------
